 Dungeon Crawl Stone Soup version 0.28.0-53-g5a82cb258f (webtiles) character file.

Game seed: 12404066632701081834

1145 Peloso the Covered (level 8, -1/68 HPs)
             Began as a Minotaur Fighter on June 24, 2022.
             Slain by Duvessa
             ... wielding a +0 short sword
              (4 damage)
             ... on level 5 of the Dungeon.
             The game lasted 00:06:51 (5365 turns).

Peloso the Covered (Minotaur Fighter)               Turns: 5365, Time: 00:06:52

Health: -1/68      AC:  8    Str: 21    XL:     8   Next: 15%
Magic:  7/7        EV: 10    Int:  5    God:
Gold:   125        SH:  5    Dex: 12    Spells: 7/7 levels left

rFire   . . .      SeeInvis .   a - +0 long sword
rCold   . . .      Faith    .   c - +0 buckler
rNeg    . . .      Spirit   .   b - +0 scale mail
rPois   .          Reflect  .   (helmet restricted)
rElec   .          Harm     .   (no cloak)
rCorr   .          Rampage  .   (no gloves)
Will    .....                   (no boots)
Stlth   ..........              (no amulet)
HPRegen 0.21/turn               (no ring)
MPRegen 0.10/turn               (no ring)

@: studying Translocations
A: horns 2, retaliatory headbutt
a: no special abilities


You were on level 5 of the Dungeon.
You visited 1 branch of the dungeon, and saw 5 of its levels.

You collected 205 gold pieces.
You spent 80 gold pieces at shops.

Inventory:

Hand Weapons
 a - a +0 long sword (weapon)
Missiles
 o - 3 throwing nets (quivered)
Armour
 b - a +0 scale mail (worn)
 c - a +0 buckler (worn)
Jewellery
 f - a ring of positive energy
 g - a ring of positive energy
 m - a ring of poison resistance
Wands
 u - a wand of flame (12)
 y - a wand of acid (11)
Scrolls
 e - 3 scrolls of vulnerability {unknown}
 h - 5 scrolls of identify {unknown}
 i - a scroll of enchant armour {unknown}
 k - 2 scrolls of fog {unknown}
 n - a scroll of magic mapping {unknown}
 p - a scroll of immolation {unknown}
 q - 3 scrolls of blinking {unknown}
 s - 2 scrolls of amnesia {unknown}
 t - a scroll of holy word {unknown}
Potions
 d - a potion of might
 j - 3 potions of attraction {unknown}
 l - 2 potions of mutation
 r - a potion of ambrosia {unknown}
 v - a potion of flight {unknown}
 w - a potion of curing {unknown}
 x - a potion of cancellation {unknown}
 z - a potion of berserk rage {unknown}


   Skills:
 + Level 5.3 Fighting
 + Level 7.0 Long Blades
 + Level 7.4 Armour
 + Level 3.2 Dodging
 + Level 0.6 Stealth
 + Level 5.3 Shields


You had 7 spell levels left.
You didn't know any spells.
Your spell library contained the following spells:

 Spells                   Type           Power      Damage    Failure   Level
 Animate Skeleton         Necr           0%         N/A       86%         1
 Apportation              Tloc           0%         N/A       86%         1
 Beastly Appendage        Tmut           0%         N/A       86%         1
 Summon Small Mammal      Summ           0%         N/A       86%         1
 Wereblood                Tmut           0%         N/A       95%         2
 Spider Form              Tmut/Pois      0%         N/A       99%         3


Dungeon Overview and Level Annotations

Branches:
Dungeon (5/15)
 Temple: D:4-7

Altars:

Shops:
D:1 !   D:5 :

Annotations:
D:5 Duvessa


Innate Abilities, Weirdness & Mutations

You have a pair of horns on your head.
You reflexively headbutt those who attack you in melee.


Message History

Your Dodging skill increases to level 3!
z - a silvery potion You see here a +0 club.
Duvessa shouts!
Duvessa goes berserk!
Duvessa is nearby!
Duvessa is nearby!
Duvessa is nearby!
Aiming: Corrosive Bolt
Press: ? - help, Shift-Dir - straight line, f - Duvessa
Aim: Duvessa, wielding a +0 short sword and wearing a +0 leather armour (berserk, 75% to hit)
The bolt of acid misses Duvessa.
Aiming: Corrosive Bolt
Press: ? - help, Shift-Dir - straight line, f/p - Duvessa
Aim: Duvessa, wielding a +0 short sword and wearing a +0 leather armour (berserk, 75% to hit)
The bolt of acid hits Duvessa!
Duvessa is moderately wounded.
Unknown command.
Unknown command.
You hit Duvessa. Your headbutt misses Duvessa.
Duvessa is moderately wounded.
Duvessa hits you with a +0 short sword. Duvessa hits you with a +0 short sword!
You closely miss Duvessa.
Duvessa is moderately wounded.
Duvessa hits you with a +0 short sword!
You slash Duvessa!
Duvessa is heavily wounded.
Duvessa hits you with a +0 short sword!
Duvessa hits you with a +0 short sword!!
* * * LOW HITPOINT WARNING * * *
You hit Duvessa. You headbutt Duvessa!
Duvessa is severely wounded.
Duvessa hits you with a +0 short sword!
* * * LOW HITPOINT WARNING * * *
Duvessa hits you with a +0 short sword.
* * * LOW HITPOINT WARNING * * *
You barely miss Duvessa. Your headbutt misses Duvessa.
Duvessa is severely wounded.
Duvessa hits you with a +0 short sword.
You die...

.....##.............#........##
.##...#.............#........##
.##...........................##
.##...........#................##
.#............#.....#...........#
..........###..................##
...##.....#####..............#.#
...#......... #...#......#...#.##
..............##@.######.........
#..##..##......e..# #.........
##.....# .....##.#### ##.###....
#.....###......#....# ######...
...............##...#######......
........#........#.......#..#..<.
###..###.............#......#....
#.....# #..........######.####...
#.....###.........##..# ### ####


You could see Duvessa (berserk).

Vanquished Creatures
  A necrophage (D:5)
  3 ogres
  Dowan (D:5)
  A water moccasin zombie (D:5)
  A water moccasin skeleton (D:5)
  A bullfrog zombie (D:5)
  3 jellies
  An orc priest (D:5)
  2 centaur skeletons (D:5)
  A hound (D:5)
  An iguana (D:5)
  Terence (D:3)
  Natasha (twice) (D:4)
  2 orc wizards (D:5)
  2 hound skeletons (D:4)
  8 gnolls
  7 adders
  A white imp (D:5)
  6 dart slugs
  7 orcs
  9 bats
  4 endoplasms
  A giant cockroach (D:1)
  6 goblins
  12 hobgoblins
  4 jackals
  3 quokkas
  9 ball pythons
  A ball python zombie (D:2)
  5 frilled lizards
  10 kobolds
  3 rats
119 creatures vanquished.

Notes
Turn   | Place    | Note
-------+----------+-------------------------------------------
     0 | D:1      | Peloso the Minotaur Fighter began the quest for the Orb.
     0 | D:1      | Reached XP level 1. HP: 19/19 MP: 0/0
   423 | D:1      | Reached XP level 2. HP: 27/27 MP: 1/1
   578 | D:1      | Reached XP level 3. HP: 33/33 MP: 2/2
   648 | D:1      | You fall into a shaft and drop 1 floor!
  1178 | D:2      | Reached XP level 4. HP: 40/40 MP: 3/3
  1315 | D:2      | Reached skill level 1 in Dodging
  1856 | D:1      | Found Humy's Distillery.
  1868 | D:1      | Bought a potion of mutation for 80 gold pieces
  2423 | D:3      | Noticed Terence
  2438 | D:3      | Killed Terence
  2848 | D:4      | Noticed an ogre
  2854 | D:4      | Reached XP level 5. HP: 42/47 MP: 4/4
  2861 | D:4      | Killed an ogre
  2862 | D:4      | Reached skill level 5 in Armour
  3262 | D:4      | Reached XP level 6. HP: 53/53 MP: 5/5
  3571 | D:4      | Noticed Natasha
  3577 | D:4      | Killed Natasha
  3577 | D:4      | Noticed Natasha
  3587 | D:4      | Killed Natasha
  3588 | D:4      | Reached skill level 5 in Long Blades
  3962 | D:5      | Entered Level 5 of the Dungeon
  4100 | D:5      | Reached XP level 7. HP: 60/60 MP: 6/6
  4356 | D:5      | Reached skill level 5 in Fighting
  4356 | D:5      | Reached skill level 5 in Shields
  4691 | D:5      | Noticed Dowan
  4740 | D:5      | Killed Dowan
  4800 | D:5      | Noticed Duvessa
  5137 | D:5      | Reached XP level 8. HP: 68/68 MP: 7/7
  5156 | D:5      | Found Vecexer's Self-Improvement Boutique.
  5364 | D:5      | HP: 3/68 [Duvessa/+0 short sword (6)]
  5365 | D:5      | Slain by Duvessa

Illustrated notes

Levels and vault maps discovered:
D:1:      mrwooster_arrival_statue, layout_rooms, serial_shops,
          nicolae_shop_statue_plus
D:2:      layout_basic, serial_undead, serial_undead_d, serial_undead_e,
          serial_undead_c, serial_undead_a, nrook_campfire,
          chequers_serial_rivers_room_a, minmay_circled_x
D:3:      layout_basic, shapermc_ecumenical_altar_petra, kennysheep_boxes,
          uniq_terence
D:4:      cheibrodos_quashed, layout_rooms, minmay_misc_feat_rugged,
          chequers_mini_garden, kennysheep_nub, minmay_manual_monstrance,
          uniq_natasha
D:5:      layout_cave_pools, supply_closet_lemuel, nicolae_shop_self_help,
          uniq_duvessa

Skill      XL: |  1  2  3  4  5  6  7  8 |
---------------+-------------------------+-----
Armour         | 4 5 6 7 |  7.4
Fighting       | 4 5 |  5.3
Shields        | 4 5 |  5.3
Long Blades    | 3 4 5 6 7 |  7.0
Dodging        | 1 2 3 |  3.2
Stealth        | |  0.6

Action                   |  1- 3 |  4- 6 |  7- 9 || total
-------------------------+-------+-------+-------++-------
Melee: Long sword        |    89 |   152 |    93 ||   334
       Headbutt          |    16 |    27 |    28 ||    71
Evoke: Wand              |       |       |     2 ||     2
  Use: Potion            |     1 |       |       ||     1
Armor: Scale mail        |    50 |    73 |    37 ||   160
Dodge: Dodged            |    58 |    74 |    38 ||   170
Block: Buckler           |    23 |    45 |    19 ||    87
